 Dungeon Crawl Stone Soup version 0.31-a0-691-g409c26aa35 (webtiles) character file.

Game seed: 8876989992655293750

426 Joey1 the Slasher (level 6, 0/84 HPs)
             Began as a Minotaur Berserker on Sept 6, 2023.
             Was a Believer of Trog.
             Slain by a gnoll
             ... wielding a +0 whip
             ... led by a gnoll sergeant
              (3 damage)
             ... on level 4 of the Dungeon.
             The game lasted 00:10:00 (3484 turns).

Joey1 the Slasher (Minotaur Berserker)              Turns: 3484, Time: 00:10:01

Health: 0/84       AC:  5    Str: 28    XL:     6   Next: 64%
Magic:  5/5        EV: 12    Int:  4    God:    Trog [**....]
Gold:   261        SH:  0    Dex: 11    Spells: 5/5 levels left

rFire   . . .        a - +0 falchion
rCold   . . .        (no shield)
rNeg    . . .        m - +0 ring mail
rPois   .            (helmet restricted)
rElec   .            (no cloak)
rCorr   .            (no gloves)
SInv    .            (no boots)
Will    .....        (no amulet) Stlth
                     e - +6 ring of strength
HPRegen 0.34/turn    (no ring)
MPRegen 0.09/turn

%: no passive effects
@: berserking, very quick
A: horns 2, retaliatory headbutt
a: Renounce Religion, Berserk, Trog's Hand


You were on level 4 of the Dungeon.
You worshipped Trog.
Trog was pleased with you.
You visited 1 branch of the dungeon, and saw 4 of its levels.

You collected 261 gold pieces.

Inventory:

Hand Weapons
 a - a +0 falchion (weapon)
Missiles
 o - 4 boomerangs
Armour
 b - a +0 animal skin
 m - a +0 ring mail (worn)
Jewellery
 e - a +6 ring of strength (left hand)
 n - an amulet of magic regeneration
Scrolls
 c - a scroll of poison {unknown}
 d - 2 scrolls of fear {unknown}
 f - a scroll of blinking {unknown}
 g - 2 scrolls of identify {unknown}
 h - 4 scrolls of teleportation {unknown}
 i - a scroll of noise {unknown}
 j - a scroll of fog {unknown}
 k - a scroll of revelation {unknown}
 p - 2 scrolls of enchant armour {unknown}
 u - a scroll of brand weapon {unknown}
 x - a scroll of torment {unknown}
Potions
 l - a potion of attraction {unknown}
 q - a potion of cancellation {unknown}
 r - a potion of mutation {unknown}
 s - 2 potions of curing {unknown}
 t - a potion of heal wounds {unknown}
 v - a potion of lignification {unknown}
 w - a potion of brilliance {unknown}
 z - a potion of might {unknown}


   Skills:
 - Level 5.0 Fighting
 + Level 6.5 Long Blades
 - Level 3.0 Armour
 - Level 5.0 Dodging


You had 5 spell levels left.
You didn't know any spells.
Your spell library was empty.

Dungeon Overview and Level Annotations

Branches:
Dungeon (4/15)             Temple (0/1) D:4

Altars:


Innate Abilities, Weirdness & Mutations

You have a pair of horns on your head.
You reflexively headbutt those who attack you in melee.


Message History

* * * LOW HITPOINT WARNING * * *
The gnoll misses you. You furiously retaliate!
You headbutt the gnoll!
A red film seems to cover your vision as you go berserk!
You feel yourself moving faster!
You feel mighty!
The gnoll sergeant hits you with a +0 spear of flaming.
* * * LOW HITPOINT WARNING * * *
The gnoll sergeant burns you.
* * * LOW HITPOINT WARNING * * *
The gnoll barely misses you. x2
You hit the gnoll sergeant.
The gnoll sergeant is lightly wounded.
The gnoll sergeant barely misses you. You furiously retaliate!
You headbutt the gnoll sergeant!!
The gnoll hits you from afar with a +0 spear.
* * * LOW HITPOINT WARNING * * *
The gnoll hits you with a +0 whip.
* * * LOW HITPOINT WARNING * * *
You hit the gnoll sergeant.
The gnoll sergeant is almost dead.
The gnoll sergeant hits you with a +0 spear of flaming.
* * * LOW HITPOINT WARNING * * *
The gnoll sergeant burns you.
* * * LOW HITPOINT WARNING * * *
The gnoll closely misses you. The gnoll hits you with a +0 whip!
* * * LOW HITPOINT WARNING * * *
You slash the gnoll sergeant!
You kill the gnoll sergeant!
Trog accepts your kill.
Training target 5.0 for Dodging reached!
Your Dodging skill increases to level 5!
You barely miss the gnoll.
The gnoll is heavily wounded.
The gnoll hits you with a +0 whip.
* * * LOW HITPOINT WARNING * * *
The gnoll hits you from afar with a +0 spear.
* * * LOW HITPOINT WARNING * * *
You barely miss the gnoll.
The gnoll is heavily wounded.
The gnoll hits you with a +0 whip.
You die...

.............##.#
.#........##.##.#######
..>....................
###........#.##.#######
..#........#.##.#
#..........#.##.#####
####.......#.##.#g..
#####'#.#.##.#g#
#.#.#.##.@)#
#.#.#.###### #.#.#
#.#.# #.#.. ..### ###


You could see 2 gnolls.

Vanquished Creatures
  A black bear (D:4)
  A gnoll sergeant (D:4)
  A hound (D:4)
  A jelly (D:4)
  An orc priest (D:4)
  An iguana (D:4)
  An adder (D:4)
  5 gnolls
  An ufetubus (D:4)
  4 worms
  A dart slug (D:2)
  7 orcs
  8 endoplasms
  7 giant cockroaches
  7 goblins
  5 hobgoblins
  4 kobolds
  6 quokkas
  2 ball pythons
  2 bats (D:2)
  A frilled lizard (D:3)
  4 rats
71 creatures vanquished.

Notes
Turn   | Place    | Note
-------+----------+-------------------------------------------
     0 | D:1      | Joey1 the Minotaur Berserker began the quest for the Orb.
     0 | D:1      | Reached XP level 1. HP: 19/19 MP: 0/0
   468 | D:1      | Reached XP level 2. HP: 18/27 MP: 1/1
   751 | D:1      | Found a faded altar of an unknown god.
   957 | D:1      | Reached skill level 4 in Long Blades
  1454 | D:2      | Reached XP level 3. HP: 16/33 MP: 2/2
  1892 | D:2      | Reached ** piety under Trog
  2326 | D:3      | Reached XP level 4. HP: 26/41 MP: 3/3
  2889 | D:4      | Reached XP level 5. HP: 35/47 MP: 4/4
  2893 | D:4      | Reached skill level 5 in Fighting
  2954 | D:4      | Noticed a black bear
  2959 | D:4      | Reached skill level 5 in Long Blades
  2979 | D:4      | Killed a black bear
  2980 | D:4      | Reached XP level 6. HP: 34/56 MP: 5/5
  3235 | D:4      | Reached skill level 6 in Long Blades
  3280 | D:4      | Found a staircase to the Ecumenical Temple.
  3481 | D:4      | HP: 4/84 [gnoll/+0 whip[a gnoll sergeant] (8)]
  3483 | D:4      | Reached skill level 5 in Dodging
  3484 | D:4      | Slain by a gnoll

Illustrated notes

Levels and vault maps discovered:
D:1:      roderic_chinese_lattice_arrival, layout_basic,
          shapermc_ecumenical_altar_petra
D:2:      layout_loops_corners, nicolae_wormholes
D:3:      layout_rooms, chequers_garden
D:4:      layout_basic, minmay_temple_entry_trees

Skill      XL: |  1  2  3  4  5  6 |
---------------+-------------------+-----
Long Blades    | 4 5 6 |  6.5
Fighting       | 4 5 |  5.0
Armour         | 3 |  3.0
Dodging        | 3 4 5 |  5.0

Action                     |  1- 3 |  4- 6 || total
---------------------------+-------+-------++-------
  Melee: Falchion          |    91 |    82 ||   173
         Headbutt          |    15 |    14 ||    29
         Punch             |       |     1 ||     1
 Invoke: Berserk           |     1 |     2 ||     3
 Armour: Animal skin       |    10 |       ||    10
         Ring mail         |    41 |    73 ||   114
  Dodge: Dodged            |    51 |    70 ||   121

Table legend: (Time is in decaauts)
 A = Elapsed time spent in this place.
 B = Non-inter-level travel time spent in this place.
 C = Inter-level travel time spent in this place.
 D = Time resting spent in this place.
 E = Time spent auto-exploring this place.
 F = Levels seen in this place.
 G = Mean time per level.
                   A        B        C        D        E       F      G
               +--------+--------+--------+--------+--------+-----+--------+
         Total |   3513 |   3453 |     60 |    276 |   2722 |   4 |  878.2 |
       Dungeon |   3513 |   3453 |     60 |    276 |   2722 |   4 |  878.2 |
               +--------+--------+--------+--------+--------+-----+--------+

Top non-repeatable levels by time:
     D:1: 1179 daAuts
     D:2: 1157 daAuts
     D:4: 691 daAuts
     D:3: 485 daAuts
